 Dungeon Crawl Stone Soup version 0.20.1-1-g8b1a95d (webtiles) character file.

158 slep the Slasher (level 5, -1/40 HPs)
             Began as a Formicid Gladiator on Dec 23, 2017.
             Slain by slep's ghost (12 damage)
             ... on level 3 of the Dungeon.
             The game lasted 00:07:54 (2173 turns).

slep the Slasher (Formicid Gladiator)               Turns: 2173, Time: 00:07:55

Health: -1/40      AC:  4    Str: 19    XL:     5   Next: 66%
Magic:  5/5        EV: 12    Int:  7    God:
Gold:   143        SH:  4    Dex: 13    Spells: 4/4 levels left

rFire    . . .     SeeInvis +   a - +0 long sword
rCold    . . .     Gourm    .   s - +0 buckler
rNeg     . . .     Faith    .   b - +0 leather armour
rPois    .         Spirit   .   (helmet unavailable)
rElec    .         Reflect  .   (no cloak)
rCorr    .         Harm     .   (no gloves)
MR       .....                  (no boots)
Stlth    +.........             (no amulet)
Regen    0.2/turn               m - ring of see invisible
MPRegen  0.1/turn               k - +1 ring of protection

@: no status effects
A: permanent stasis, dig shafts and tunnels, four strong arms, antennae 3
a: Dig, Shaft Self


You were on level 3 of the Dungeon.
You were not hungry.

You visited 1 branch of the dungeon, and saw 5 of its levels.

You collected 143 gold pieces.

Inventory:

Hand Weapons
 a - a +0 long sword (weapon)
Missiles
 c - 3 throwing nets (quivered)
 e - 46 poisoned needles
Armour
 b - a +0 leather armour (worn)
 s - a +0 buckler (worn)
Jewellery
 k - a +1 ring of protection (right hand)
 m - a ring of see invisible (left hand)
Scrolls
 h - a scroll of teleportation {unknown}
 l - a scroll of recharging {unknown}
 p - a scroll of amnesia {unknown}
 q - a scroll of fog {unknown}
 t - a scroll of remove curse {unknown}
Potions
 g - a potion of flight {unknown}
 i - a potion of heal wounds {unknown}
 j - a potion of agility {unknown}
 o - a potion of curing {unknown}
 r - a potion of mutation {unknown}
 u - a potion of berserk rage {unknown}
 w - a potion of cancellation {unknown}
 z - a potion of lignification {unknown}
Comestibles
 d - 3 bread rations
 f - 2 royal jellies
 n - a meat ration
 v - a fruit
 x - 3 chunks of flesh


   Skills:
 + Level 2.9 Fighting
 + Level 4.5 Long Blades
 + Level 2.0 Throwing
 + Level 1.8 Armour
 + Level 3.2 Dodging
 + Level 0.6 Stealth
 + Level 1.3 Shields


You had 4 spell levels left.
You didn't know any spells.

Dungeon Overview and Level Annotations

Branches:
Dungeon (5/15)
 Temple: D:4-7

Altars:
Nemelex Xobeh

Annotations:
D:3 2 transporters, slep's ghost, amateur DsGl
D:5 Blork the orc


Innate Abilities, Weirdness & Mutations

You cannot be hasted, slowed, berserked, paralysed or teleported.
You can dig through walls and to a lower floor.
Your four strong arms can wield two-handed weapons with a shield.
You have a pair of large antennae on your head. (SInv)


Message History

You barely miss slep's ghost.
Slep's ghost is lightly damaged.
Slep's ghost hits you.
You slash slep's ghost!
Slep's ghost is moderately damaged.
Slep's ghost closely misses you.
You riposte.
You closely miss slep's ghost.
Slep's ghost is moderately damaged.
You hit slep's ghost.
Slep's ghost is moderately damaged.
Slep's ghost hits you!
* * * LOW HITPOINT WARNING * * *
You hit slep's ghost but do no damage.
Slep's ghost is moderately damaged.
You block slep's ghost's attack.
You closely miss slep's ghost.
Slep's ghost is moderately damaged.
Slep's ghost closely misses you.
You riposte.
You closely miss slep's ghost.
Slep's ghost is moderately damaged.
Slep's ghost hits you!
You die...

#.# #.#.### #.# ###
#.# ###.#.####### #.#
..# #.# ............#
###.### #....
##.#..†.# #.†...# #
.#.....# ####.....#
##.###.## ...........
# #.## #.####.....# #
#..###..# #.....#
#.###@....#.# ###..##
##....W......# ##.#
.........###### #.#
.##.##.....# #.#
#.##.....##### #.#
........†....# #.#
####.....###.######.#
........# #........#
######### ##########


You could see slep's ghost.

Vanquished Creatures
  A centaur zombie (D:5)
  5 adders
  An ooze (D:3)
  A worm (D:2)
  2 dart slugs
  A leopard gecko (D:3)
  7 orcs (D:3)
  2 ball pythons
  4 bats
  6 giant cockroaches
  9 goblins
  6 hobgoblins
  2 kobolds (D:3)
  A quokka (D:2)
  3 frilled lizards
  9 rats
60 creatures vanquished.

Notes
Turn   | Place    | Note
-------+----------+-------------------------------------------
     0 | D:1      | slep the Formicid Gladiator began the quest for the Orb.
     0 | D:1      | Reached XP level 1. HP: 16/16 MP: 1/1
    12 | D:1      | Noticed an eight-headed hydra
    12 | D:1      | Noticed a black bear
    12 | D:1      | Noticed a hog
    12 | D:1      | Noticed a black mamba
   161 | D:1      | Reached XP level 2. HP: 16/22 MP: 2/2
   670 | D:1      | Reached XP level 3. HP: 27/27 MP: 3/3
  1182 | D:2      | Reached skill level 4 in Long Blades
  1182 | D:2      | Reached XP level 4. HP: 5/34 MP: 4/4
  1437 | D:2      | Reached skill level 1 in Armour
  1468 | D:2      | Found a sparkling altar of Nemelex Xobeh.
  1636 | D:5      | Entered Level 5 of the Dungeon
  1686 | D:5      | Reached XP level 5. HP: 20/40 MP: 5/5
  1689 | D:5      | Noticed Blork the orc
  1759 | D:4      | Noticed an ogre
  1893 | D:3      | Found a transporter.
  1922 | D:3      | Found a transporter.
  1982 | D:3      | Reached skill level 1 in Shields
  2162 | D:3      | Noticed slep's ghost (amateur DsGl)
  2173 | D:3      | Slain by slep's ghost

Skill      XL: |  1  2  3  4  5 |
---------------+----------------+-----
Dodging        | 3 |  3.2
Long Blades    | 4 |  4.5
Armour         | 1 |  1.8
Shields        | 1 |  1.3
Fighting       | |  2.9
Throwing       | |  2.0
Stealth        | |  0.6

Action                   |  1- 3 |  4- 6 || total
-------------------------+-------+-------++-------
Melee: Long sword        |    88 |    88 ||   176
 Stab: Sleeping          |     1 |     1 ||     2
  Eat: Chunk             |     1 |     3 ||     4
Armor: Leather armour    |    18 |    23 ||    41
Dodge: Dodged            |    64 |    61 ||   125
Block: Buckler           |     8 |    26 ||    34
       Rpst.: Long sword |    18 |    26 ||    44
